 Dungeon Crawl Stone Soup version 0.19.1 (console) character file.

74 Jesseh the Shield-Bearer (level 4, -7/40 HPs)
             Began as a Minotaur Fighter on Nov 29, 2016.
             Killed by nerve-wracking pain
             ... invoked by Grinder
              (8 damage)
             ... on level 3 of the Dungeon.
             The game lasted 00:04:18 (1600 turns).

Jesseh the Shield-Bearer (Minotaur Fighter)         Turns: 1600, Time: 00:04:19

Health: -7/40      AC:  9    Str: 22    XL:     4   Next: 10%
Magic:  3/3        EV:  8    Int:  5    God:
Gold:   131        SH:  9    Dex:  9    Spells: 0 memorised, 3 levels left

rFire  . . .     SeeInvis .     a - +0 war axe
rCold  . . .     Gourm    .     p - +3 ring mail
rNeg   . . .     Faith    .     c - +0 shield
rPois  .         Spirit   .     (helmet restricted)
rElec  .         Reflect  .     (no cloak)
rCorr  .         Harm     .     (no gloves)
MR     .....                    l - +0 pair of boots (curse)
Stlth  ..........               (no amulet)
                                (no ring)
                                (no ring)

@: no status effects
A: retaliatory headbutt, horns 2
a: no special abilities


You were on level 3 of the Dungeon.
You were not hungry.

You visited 1 branch of the dungeon, and saw 3 of its levels.

You collected 131 gold pieces.

Inventory:

Hand Weapons
 a - a +0 war axe (weapon)
Missiles
 t - 2 curare-tipped needles
Armour
 b - a +0 scale mail
 c - a +0 shield (worn)
 l - a cursed +0 pair of boots (worn)
   (You found it on level 1 of the Dungeon)
 p - a +3 ring mail (worn)
   (You found it on level 2 of the Dungeon)
Scrolls
 h - 2 scrolls of enchant armour {unknown}
 i - a scroll of fear {unknown}
 k - 2 scrolls of identify {unknown}
 m - a scroll of noise {unknown}
 o - a scroll of immolation {unknown}
 r - 2 scrolls of amnesia {unknown}
 s - a scroll of teleportation {unknown}
 u - 2 scrolls of remove curse {unknown}
Potions
 d - a potion of might
 e - 2 potions of curing {unknown}
 j - 2 potions of agility {unknown}
Comestibles
 f - 2 bread rations
 g - a beef jerky
 n - 3 chunks of flesh
 q - 2 meat rations


   Skills:
 + Level 4.1 Fighting
 * Level 4.2 Axes
 - Level 3.6 Armour
 + Level 4.4 Shields


You had 3 spell levels left.
You didn't know any spells.

Dungeon Overview and Level Annotations

Branches:
Dungeon (3/15)

Altars:

Annotations:
D:3 Grinder


Innate Abilities, Weirdness & Mutations

You reflexively headbutt those who attack you in melee.
You have a pair of horns on your head.


Message History

The leopard gecko closely misses you.
You hit the leopard gecko. The leopard gecko bites you.
You hit the leopard gecko.
You kill the leopard gecko!
No target in view!
You see here a leopard gecko corpse.
You butcher the leopard gecko corpse.
n - 6 chunks of flesh (gained 2)
A kobold comes into view.
The kobold shouts!
The kobold throws a stone.
The stone barely misses you.
You see here a stone.
The kobold throws a stone.
You block the stone.
You see here a stone.
The kobold throws a stone.
You block the stone. You block the kobold's attack.
You closely miss the kobold. The kobold completely misses you.
You slash the kobold!
You kill the kobold!
No target in view!
You see here a hand axe.
Some of the chunks of flesh in your inventory have rotted away.
k - 2 scrolls labeled USTIASIAGA (gained 1)
You see here a hand axe.
h - 2 scrolls labeled UBAIMM GOTS (gained 1)
You now have 99 gold pieces (gained 8).
A giant cockroach comes into view.
The giant cockroach closely misses you.
You hit the giant cockroach. You headbutt the giant cockroach.
You kill the giant cockroach!
No target in view!
You can't see that place. [Stash: a hand axe] [the floor.]
t - 2 curare-tipped needles
Found a stone staircase leading down.
No target in view!
No target in view!
u - a scroll labeled TISKASOWIS Some of the chunks of flesh in your inventory have rotted away.
r - 2 scrolls labeled CIDIBE ORECOXT (gained 1)
There is a stone staircase leading down here.
You now have 116 gold pieces (gained 17).
You now have 131 gold pieces (gained 15).
A rat comes into view.
The rat bites you but does no damage.
You barely miss the rat. The rat bites you. You block the rat's attack.
You slash the rat!
You kill the rat!
No target in view!
You see here a rat corpse.
You butcher the rat corpse.
n - 3 chunks of flesh (gained 1)
You see here a rat skeleton.
A bat comes into view.
The bat hits you.
You closely miss the bat. The bat hits you but does no damage.
You block the bat's attack. You block the bat's attack.
The bat hits you but does no damage. x2
You miss the bat. You headbutt the bat.
You kill the bat!
No target in view!
No target in view!
u - 2 scrolls labeled TISKASOWIS (gained 1)
q - 2 meat rations (gained 1) Grinder comes into view.
Grinder shouts!
Grinder hits you!
You writhe in agony.
You barely miss Grinder. You headbutt Grinder! Grinder closely misses you.
You hit Grinder but do no damage. You headbutt Grinder, but do no damage.
Grinder hits you. x2
You barely miss Grinder. You block Grinder's attack.
You slash Grinder! Your headbutt misses Grinder.
Grinder hits you but does no damage.
You slash Grinder! Grinder hits you.
Grinder says, "There's only one good use for a tongue: cutting it out."
Grinder gestures at you.
You suddenly lose the ability to move!
Grinder gestures at you. Pain shoots through your body!
* * * LOW HITPOINT WARNING * * *
Grinder hits you.
* * * LOW HITPOINT WARNING * * *
You writhe in agony.
* * * LOW HITPOINT WARNING * * *
Grinder hits you.
* * * LOW HITPOINT WARNING * * *
You writhe in agony.
* * * LOW HITPOINT WARNING * * *
Grinder gestures at you. You resist with significant effort.
You can move again.
You barely miss Grinder. Grinder gestures at you.
You shrug off the repeated paralysis!
You hit Grinder but do no damage. You headbutt Grinder, but do no damage.
Grinder gestures at you. Pain shoots through your body!
You die...

▒..........▒▒
............+
▒▒▒▒.▒...▒.▒▒
▒▒.▒▒.▒▒.▒
▒.▒..▒▒ ▒
▒▒.▒.▒ ▒.▒.▒
▒.▒.▒▒▒.▒▒▒▒
▒...H5......
▒▒▒.▒▒.▒▒▒▒.
▒.▒ ▒ ...
▒▒.▒▒ ▒.. ▒▒▒


You could see Grinder.

Vanquished Creatures
  An adder (D:2)
  A gnoll (D:1)
  An ooze (D:1)
  2 worms (D:2)
  A leopard gecko (D:3)
  3 giant cockroaches
  7 hobgoblins
  A quokka (D:2)
  8 bats
  8 frilled lizards
  7 goblins
  2 kobolds
  6 rats
48 creatures vanquished.

Notes
Turn   | Place    | Note
-------+----------+-------------------------------------------
     0 | D:1      | Jesseh the Minotaur Fighter began the quest for the Orb.
     0 | D:1      | Reached XP level 1. HP: 19/19 MP: 0/0
   109 | D:1      | Reached XP level 2. HP: 27/27 MP: 1/1
   168 | D:1      | Reached skill level 4 in Shields
   269 | D:1      | Reached skill level 3 in Axes
   435 | D:1      | Reached XP level 3. HP: 33/33 MP: 2/2
   769 | D:2      | Reached skill level 4 in Fighting
  1274 | D:2      | Reached skill level 4 in Axes
  1407 | D:2      | Reached XP level 4. HP: 37/40 MP: 3/3
  1587 | D:3      | Noticed Grinder
  1594 | D:3      | Paralysed by Grinder for 5 turns
  1596 | D:3      | HP: 10/40 [Grinder (5)]
  1597 | D:3      | HP: 1/40 [Grinder (6)]
  1600 | D:3      | Killed from afar by Grinder

Skill      XL: |  1  2  3 |
---------------+----------+-----
Shields        | 4 |  4.4
Axes           | 3 4 |  4.2
Fighting       | 4 |  4.1
Armour         | |  3.6

Action                   |  1- 3 |  4- 6 || total
-------------------------+-------+-------++-------
Melee: War axe           |   107 |    18 ||   125
       Headbutt          |    11 |     5 ||    16
  Eat: Chunk             |     2 |       ||     2
Armor: Scale mail        |    51 |       ||    51
       Ring mail         |    16 |     5 ||    21
Dodge: Dodged            |    41 |     5 ||    46
Block: Shield            |    54 |     9 ||    63

Vault maps used:
D:1:      nicolae_arrival_washed_ashore, serial_co_window_serial,
          co_window_paths_a, co_window_corner_a, co_window_paths_b,
          co_window_paths_b, co_window_cross_1, co_window_paths_a,
          co_window_of_opportunity_b, co_window_cross_4, co_window_2corner,
          co_window_4corner_a, glass_columns_c, glass_columns_c, glass_columns_a
D:3:      first_bread, uniq_terence, uniq_grinder

Table legend:
 A = Turns spent in this place as a percentage of turns spent in the entire game.
 B = Non-inter-level travel turns spent in this place as a percentage of non-inter-level travel turns spent in the entire game.
 C = Inter-level travel turns spent in this place as a percentage of turns spent in this place.
 D = Turns resting spent in this place as a percentage of non-inter-level travel turns spent in this place.
 E = Turns spent auto-exploring this place as a percentage of non-inter-level travel turns spent in this place.
 F = Non-inter-level travel turns spent in this place divided by the number of levels of this place that you've seen.
                   A       B       C       D       E      F
               +-------+-------+-------+-------+-------+----------------------
         Total | 100.0 | 100.0 |   0.5 |   0.5 |  13.5 | 136.0
       Dungeon | 100.0 | 100.0 |   0.5 |   0.5 |  13.5 | 136.0
               +-------+-------+-------+-------+-------+----------------------

Table legend:
 A = Kills in this place as a percentage of kills in entire the game.
 B = Kills by you in this place as a percentage of kills by you in the entire game.
 C = Kills by friends in this place as a percentage of kills by friends in the entire game.
 D = Other kills in this place as a percentage of other kills in the entire game.
 E = Experience gained in this place as a percentage of experience gained in the entire game.
 F = Experience gained in this place divided by the number of levels of this place that you have seen.
                   A       B       C       D       E      F
               +-------+-------+-------+-------+-------+----------------------
         Total | 100.0 | 100.0 |  -nan |  -nan | 100.0 |  35.7
       Dungeon | 100.0 | 100.0 |  -nan |  -nan | 100.0 |  35.7
               +-------+-------+-------+-------+-------+----------------------
